 Dungeon Crawl Stone Soup version 0.31-a0-221-gbddc013574 (webtiles) character file.

Game seed: 3457350172836407456

608 dialectric the Slasher (level 7, -10/55 HPs)
             Began as a Demonspawn Fighter on July 4, 2023.
             Was an Initiate of Trog.
             Mangled by an ogre
             ... wielding a +0 giant club
              (17 damage)
             ... on level 4 of the Dungeon.
             The game lasted 00:03:28 (1996 turns).

dialectric the Slasher (Demonspawn Fighter)         Turns: 1996, Time: 00:03:28

Health: -10/55     AC:  7    Str: 13 (16) XL:     7   Next: 19%
Magic:  7/7        EV:  9    Int:  8 (10) God:    Trog [......]
Gold:   208        SH:  0    Dex: 12 (14) Spells: 6/6 levels left

rFire   . . .        a - +0 long sword
rCold   . . .        (no shield)
rNeg    . . .        b - +0 scale mail
rPois   .            (helmet restricted)
rElec   .            (no cloak)
rCorr   .            (no gloves)
SInv    .            (no boots)
Will    .....        r - amulet of regeneration Stlth
                     e - ring of flight
HPRegen 1.09/turn    (no ring)
MPRegen 0.10/turn

%: no passive effects
@: flying, hasted, very quick
A: antennae 1, powered by death 2
a: Renounce Religion


You were on level 4 of the Dungeon.
You worshipped Trog.
Trog was noncommittal.
You visited 2 branches of the dungeon, and saw 5 of its levels.

You collected 208 gold pieces.

Inventory:

Hand Weapons
 a - a +0 long sword (weapon)
 t - a +0 orcbow
Missiles
 g - 3 poisoned darts
Armour
 b - a +0 scale mail (worn)
 c - a +0 buckler
Jewellery
 e - a ring of flight (left hand)
 f - a +6 ring of intelligence
 r - an amulet of regeneration (around neck)
Scrolls
 h - 2 scrolls of enchant weapon {unknown}
 j - a scroll of blinking {unknown}
 l - 2 scrolls of revelation {unknown}
 m - a scroll of teleportation {unknown}
 n - 2 scrolls of identify {unknown}
 s - 3 scrolls of amnesia {unknown}
 u - a scroll of immolation {unknown}
 x - a scroll of poison {unknown}
Potions
 i - a potion of attraction {unknown}
 k - 2 potions of curing {unknown}
 o - 2 potions of enlightenment
 p - a potion of might
 q - a potion of degeneration
 v - a potion of cancellation {unknown}
 w - a potion of brilliance {unknown}


   Skills:
 + Level 4.3 Fighting
 + Level 4.9 Long Blades
 + Level 4.2 Armour
 * Level 2.7 Dodging
 - Level 2.6 Shields


You had 6 spell levels left.
You didn't know any spells.
Your spell library was empty.

Dungeon Overview and Level Annotations

Branches:
Dungeon (4/15)             Temple (1/1) D:4

Altars:
Ashenzari
Fedhas
Gozag
Kikubaaqudgha
Nemelex Xobeh
Okawaru
Sif Muna
Trog
Uskayaw
Vehumet
Wu Jian
Yredelemnul


Innate Abilities, Weirdness & Mutations

You have a pair of small antennae on your head.
You regenerate health from kills.


Message History

No target in view!
No target in view!
No target in view!
No target in view!
HP restored.
You feel sick.
You feel sick.
You feel sick.
You feel sick.
You feel sick.
You feel sick.
You feel sick.
You are no longer poisoned.
q - 2 metallic golden potions (gained 1)
An ogre comes into view. It is wielding a +0 giant club.
An ogre is nearby!
The ogre hits you with a +0 giant club!!
An ogre is nearby!
You hit the ogre.
The ogre is moderately wounded.
You slash the ogre!
The ogre is heavily wounded.
The ogre hits you with a +0 giant club!!
Ouch! That really hurt!
* * * LOW HITPOINT WARNING * * *
You are too injured to fight recklessly!
You are too injured to fight recklessly!
You are too injured to fight recklessly!
You are too injured to fight recklessly!
You are too injured to fight recklessly!
You are too injured to fight recklessly!
Unknown command.
The ogre attacks as you move away! The ogre barely misses you.
Okay, then.
It was a potion of degeneration.
There was something very wrong with that liquid.
You feel weakened.
You feel dopey.
You feel clumsy. The ogre attacks as you move away!
The ogre closely misses you.
It was a potion of haste.
You feel yourself speed up. The ogre hits you with a +0 giant club!
You die...

########### ######
#.........########.....
####.####........#.####
# #.# .#.#.#[#..#..).#
#.##.##.#.#..#.#.####.#
#....O@.#.#.....†.....#
#######################


You could see an ogre.

Vanquished Creatures
  A black bear (D:4)
  A centaur (D:4)
  4 scorpions (D:4)
  2 hounds (D:4)
  Jessica (D:2)
  An orc wizard (D:4)
  3 adders
  A dart slug (D:3)
  7 orcs
  7 ball pythons
  9 endoplasms
  4 giant cockroaches
  6 goblins
  5 hobgoblins
  4 jackals (D:3)
  A kobold (D:3)
  5 quokkas
  3 bats
  3 frilled lizards
  3 rats
71 creatures vanquished.

Notes
Turn   | Place    | Note
-------+----------+-------------------------------------------
     0 | D:1      | dialectric the Demonspawn Fighter began the quest for the
                  | Orb.
     0 | D:1      | Reached XP level 1. HP: 18/18 MP: 1/1
   102 | D:1      | Gained mutation: You regenerate a little health from kills.
                  | [demonic ancestry]
   102 | D:1      | Reached XP level 2. HP: 24/24 MP: 2/2
   662 | D:2      | Noticed Jessica
   676 | D:2      | Killed Jessica
   677 | D:2      | Gained mutation: You regenerate health from kills. [demonic
                  | ancestry]
   677 | D:2      | Reached XP level 3. HP: 9/29 MP: 3/3
   704 | D:3      | Found a hide-covered altar of Uskayaw.
   725 | D:3      | Reached XP level 4. HP: 36/36 MP: 4/4
   885 | D:3      | Reached skill level 1 in Dodging
  1056 | D:4      | Found a blossoming altar of Fedhas.
  1112 | D:4      | Noticed a centaur
  1117 | D:4      | Killed a centaur
  1118 | D:4      | Reached XP level 5. HP: 22/42 MP: 5/5
  1326 | D:4      | Gained mutation: You have a pair of small antennae on your
                  | head. [demonic ancestry]
  1326 | D:4      | Reached XP level 6. HP: 36/48 MP: 6/6
  1604 | D:4      | Found a staircase to the Ecumenical Temple.
  1622 | D:4      | Reached XP level 7. HP: 53/54 MP: 7/7
  1628 | Temple   | Entered the Ecumenical Temple
  1655 | Temple   | Became a worshipper of Trog the Wrathful
  1991 | D:4      | HP: 2/55 [ogre/+0 giant club (32)]
  1996 | D:4      | Mangled by an ogre

Illustrated notes

Levels and vault maps discovered:
D:1:      dpeg_arrival_three_same_balls, layout_loops_corners, serial_forest,
          infiniplex_forest_clump_cross, infiniplex_forest_straight_4,
          infiniplex_forest_corner_1, infiniplex_forest_end_2,
          infiniplex_forest_zigzag_1, infiniplex_forest_diagonal,
          infiniplex_forest_straight_4, hangedman_decor_push
D:2:      layout_loops_ring, serial_shops, shop, uniq_natasha, uniq_jessica,
          uniq_terence
D:3:      layout_rooms, eat_drink_and_be_merry_uskayaw, minmay_starry_boxes
D:4:      minmay_thinvault, layout_loops_ring, lemuel_round_altar,
          lemuel_doored_altar, gammafunk_temple_overflow_statue,
          minmay_temple_entry_statues_pillars, minmay_misc_feat_columns,
          minmay_misc_feat_roman, uniq_pikel
Temple:   nicolae_temple_ecumenical_triangle

Skill      XL: |  1  2  3  4  5  6 |
---------------+-------------------+-----
Armour         | 3 4 |  4.2
Long Blades    | 2 3 4 |  4.9
Dodging        | 1 2 |  2.7
Fighting       | 4 |  4.3
Shields        | |  2.6

Action                     |  1- 3 |  4- 6 |  7- 9 || total
---------------------------+-------+-------+-------++-------
  Melee: Long sword        |    65 |   139 |    19 ||   223
         Punch             |       |     1 |     1 ||     2
    Use: Potion            |     1 |     2 |     2 ||     5
 Armour: Scale mail        |    40 |    88 |    11 ||   139
  Dodge: Dodged            |    54 |    86 |     9 ||   149

Table legend: (Time is in decaauts)
 A = Elapsed time spent in this place.
 B = Non-inter-level travel time spent in this place.
 C = Inter-level travel time spent in this place.
 D = Time resting spent in this place.
 E = Time spent auto-exploring this place.
 F = Levels seen in this place.
 G = Mean time per level.
                   A        B        C        D        E       F      G
               +--------+--------+--------+--------+--------+-----+--------+
         Total |   2048 |   2042 |      6 |      0 |   1397 |   5 |  409.6 |
       Dungeon |   1996 |   1995 |      1 |      0 |   1377 |   4 |  499.0 |
        Temple |     52 |     47 |      5 |      0 |     20 |   1 |   52.0 |
               +--------+--------+--------+--------+--------+-----+--------+

Top non-repeatable levels by time:
     D:4: 923 daAuts
     D:1: 557 daAuts
     D:3: 364 daAuts
     D:2: 151 daAuts
  Temple: 52 daAuts
